AoeStats
← I HCP I

Arabia

506210133Analyzed
1v1 RM · 19d ago on Sep 12, 2026· 53m 39s· 2 players
Game mode
Random Map
Map size
Tiny (2 player)
Population
200
Speed
Normal
Resources
Standard
Victory
Conquest
Starting age
Dark Age
Ending age
Imperial Age
RankedLock teamsTeams togetherTeam positionsShared explorationLock speedFull tech treeHidden civsTurbo modeCheats
Victory
Defeat
🇬🇧 Bulgarians · United Kingdom
816
+17
🇭🇳 Burgundians · Honduras
844
-17
TuGanzo
5:05 Loom
8:00 Wheelbarrow
12:01 Feudal Age
11:58 Double-Bit Axe
16:32 Bow Saw
18:47 Forging
21:29 Horse Collar
24:12 Castle Age
22:54 Heavy Plow
26:29 Crop Rotation
27:32 Fletching
28:22 Bodkin Arrow
31:04 Light Cavalry
38:26 Gold Mining
39:15 Padded Archer Armor
39:52 Iron Casting
44:13 Gold Shaft Mining
44:07 Hand Cart
44:07 Stone Mining
51:19 Imperial Age
49:14 Scale Barding Armor
I HCP I
5:37 Loom
11:45 Feudal Age
15:32 Town Watch
15:32 Horse Collar
15:42 Double-Bit Axe
23:57 Castle Age
23:54 Forging
23:50 Scale Barding Armor
24:15 Scale Mail Armor
25:08 Squires
29:04 Fletching
31:04 Bow Saw
31:41 Scale Barding Armor
36:03 Heavy Plow
42:41 Imperial Age
44:43 Chain Barding Armor
44:59 Iron Casting
44:21 Bodkin Arrow
Connection lost

Rejoining the realm…

Still unreachable

The connection could not be restored.

Session expired

The server has moved on; the page needs a fresh start.